Map: Cyber Forest LE

Players

tsukabon - Winner!

  • Race: Terran Terran
  • League: Platinum
  • Spawn Location: 11:00

Zerral

  • Race: Zerg Zerg
  • League: Diamond
  • Spawn Location: 5:00

VOD

Have the link to the VOD?

Description

Time

  • Played on: May 3, 2019, 6:10 p.m.
  • Length: 5:22
Show
View Real Time Build Order
Export as new Build Order

tsukabon Terran - Winner!

Build Orders: Reaper Expand 

Get SALT Encoding   

  12  0:01  SCV  
  13  0:13  SCV  
  14  0:17  Supply Depot  
  14  0:25  SCV  
  15  0:39  SCV  
  15  0:41  Barracks  
  16  0:45  Refinery  
  16  0:51  SCV  
  17  1:03  SCV  
  18  1:15  SCV  
  19  1:28  Orbital Command  
  19  1:29  Reaper  
  20  1:46  Command Center  
  20  1:53  SCV  
  21  2:02  Barracks  
  21  2:04  Barracks Reactor  
  21  2:08  SCV  
  22  2:14  Supply Depot  
  22  2:20  SCV  
  23  2:23  Refinery  
  23  2:36  SCV  
  24  2:41  Marine  
  24  2:42  Factory  
  24  2:43  Marine  
  26  2:48  SCV  
  26  2:49  Barracks Tech Lab  
  27  3:07  Marine x2  
  27  3:10  Orbital Command  
  27  3:11  SCV  
  27  3:12  Marine  
  31  3:14  Stimpack  
  31  3:23  SCV  
  31  3:26  Starport  
  32  3:27  Factory Reactor  
  32  3:33  Marine x2  
  33  3:34  Marine  
  34  3:44  SCV x2  
  34  3:48  Supply Depot  
  36  3:56  Marine x3  
  36  4:02  Armory  
  39  4:04  SCV x2  
  39  4:08  Hellion  
  43  4:11  Hellion  
  46  4:17  SCV x2  
  46  4:20  Medivac  
  49  4:30  Supply Depot, SCV x2  
  51  4:35  Hellion  
  51  4:36  Marine  
  54  4:42  Marine x2  
  54  4:43  Hellion  
  58  4:47  Supply Depot  
  58  4:48  SCV x2  
  60  4:57  Marine  
  63  5:00  Marine  
Show
View Real Time Build Order
Export as new Build Order

Zerral Zerg 

Build Orders: Hatch First 

Get SALT Encoding   

  12  0:01  Drone  
  13  0:12  Overlord  
  13  0:17  Drone  
  14  0:30  Drone  
  14  0:31  Drone  
  16  0:50  Hatchery  
  16  0:52  Drone  
  16  0:56  Drone  
  17  1:00  Drone  
  18  1:15  Spawning Pool  
  18  1:16  Extractor  
  16  1:19  Drone  
  16  1:22  Drone  
  18  1:27  Drone  
  19  1:40  Overlord  
  19  1:52  Drone  
  20  2:02  Queen x2  
  20  2:04  Zergling x4  
  26  2:16  Metabolic Boost  
  26  2:18  Drone x2  
  28  2:29  Drone x2  
  31  2:37  Drone x2  
  31  2:44  Drone  
  33  2:49  Drone  
  34  2:54  Drone  
  35  3:11  Drone  
  36  3:17  Overlord  
  36  3:18  Hatchery  
  35  3:34  Drone  
  35  3:35  Overlord, Queen x2  
  35  3:37  Drone x4  
  44  3:49  Overlord  
  44  3:58  Drone x2  
  44  4:01  Drone  
  47  4:09  Drone  
  48  4:11  Baneling Nest  
  48  4:13  Drone  
  48  4:20  Overlord  
  48  4:21  Overlord  
  48  4:24  Zergling x2  
  48  4:25  Zergling x4  
  51  4:34  Zergling x2  
  51  4:35  Zergling x8  
  56  4:39  Extractor  
  56  4:40  Extractor, Zergling x2  
  56  4:45  Zergling x4  
  57  4:50  Spore Crawler  
  56  4:54  Zergling x4  
  58  5:00  Spore Crawler  
  58  5:07  Evolution Chamber x2  
Tags
 
Add a new tag
Caveats
  • Supply blocks, unpowered buildings, or Contaminate may cause inaccurate times.
  • Supply counts are checked every 10 seconds.